 Dungeon Crawl Stone Soup version 0.20-a0-331-g5b3579f (webtiles) character file.

49 Amnesiac the Sneak (level 3, -13/19 HPs)
             Began as a Deep Elf Enchanter on Dec 21, 2016.
             Mangled by an ogre
             ... wielding a +0 giant spiked club
              (21 damage)
             ... on level 4 of the Dungeon.
             The game lasted 00:02:50 (1646 turns).

Amnesiac the Sneak (Deep Elf Enchanter)             Turns: 1646, Time: 00:02:51

Health: -13/19     AC:  3    Str:  5    XL:     3   Next: 53%
Magic:  6/9        EV: 13    Int: 19    God:
Gold:   42         SH:  0    Dex: 16    Spells: 2/8 levels left

rFire  . . .     SeeInvis .     a - +1 dagger
rCold  . . .     Gourm    .     b - +1 robe
rNeg   . . .     Faith    .     (no shield)
rPois  .         Spirit   .     (no helmet)
rElec  .         Reflect  .     (no cloak)
rCorr  .         Harm     .     (no gloves)
MR     .....                    (no boots)
Stlth  +++.......               (no amulet)
                                (no ring)
                                (no ring)

@: no status effects
A: no striking features
a: no special abilities


You were on level 4 of the Dungeon.
You were not hungry.

You visited 1 branch of the dungeon, and saw 4 of its levels.

You collected 42 gold pieces.

Inventory:

Hand Weapons
 a - a +1 dagger (weapon)
Armour
 b - a +1 robe (worn)
Jewellery
 i - an uncursed amulet of harm {unknown}
Scrolls
 f - a scroll of magic mapping {unknown}
 g - a scroll of teleportation {unknown}
 h - a scroll of enchant armour {unknown}
 j - a scroll of identify {unknown}
 k - a scroll of remove curse {unknown}
Potions
 e - a potion of flight {unknown}
Books
 c - a book of Maledictions

   Spells                             Type                      Level
   a - Corona                         Hexes                        1
   b - Ensorcelled Hibernation        Hexes/Ice                    2
   c - Confuse                        Hexes                        3
   d - Tukima's Dance                 Hexes                        3
   e - Dazzling Spray                 Conjuration/Hexes            3
Comestibles
 d - a bread ration
 l - 3 chunks of flesh


   Skills:
 + Level 1.2 Short Blades
 + Level 2.9 Dodging
 * Level 4.9 Stealth
 + Level 3.4 Spellcasting
 * Level 4.2 Hexes


You had 2 spell levels left.
You knew the following spells:

 Your Spells              Type           Power        Failure   Level  Hunger
e - Confuse               Hex            ###.....     10%         3    ###....
f - Corona                Hex            ###....      2%          1    None
z - Ensorcelled Hibernat  Hex/Ice        ##....       10%         2    ##.....


Dungeon Overview and Level Annotations

Branches:
Dungeon (4/15)
 Temple: D:4-7

Altars:
Qazlal

Annotations:
D:2 Jessica


Message History

You start resting.
Magic restored.
You open the door.
An ogre comes into view. It is wielding a giant spiked club.
An ogre is nearby!
There is an open door here.
The helpless ogre fails to defend itself.
You impale the ogre!!
The ogre is almost dead.
The ogre hits you with a giant spiked club!
Ouch! That really hurt!
Casting: Confuse
Confirm with . or Enter, or press ? or * to list all spells.
Aiming: Confuse
Press: ? - help, Shift-Dir - straight line, f - ogre
Aim: an ogre, wielding a giant spiked club (almost dead, chance to defeat MR: 50%)
The ogre resists with some effort.
The ogre hits you with a giant spiked club!!
Ouch! That really hurt!
You die...

############
+....#.....#
#.)..#.....#
#....@O....#
#....#.....#
##...##....#
#...# +####
#...# #>.<#
#...# #...#
###+#


You could see an ogre.

Vanquished Creatures
  The ghost of Amnesiac the Sneak, a weakling DEEn (D:4)
  A leopard gecko (D:1)
  An orc (D:3)
  6 bats
  7 hobgoblins
  4 kobolds
  3 frilled lizards
  6 goblins
  4 rats
33 creatures vanquished.

Notes
Turn   | Place    | Note
-------+----------+-------------------------------------------
     0 | D:1      | Amnesiac the Deep Elf Enchanter began the quest for the Orb.
     0 | D:1      | Reached XP level 1. HP: 10/10 MP: 6/6
   551 | D:1      | Reached XP level 2. HP: 15/15 MP: 5/8
   555 | D:1      | Learned a level 2 spell: Ensorcelled Hibernation
   831 | D:2      | Noticed Jessica
  1242 | D:2      | Reached XP level 3. HP: 19/19 MP: 4/9
  1247 | D:2      | Learned a level 3 spell: Confuse
  1578 | D:3      | Found a stormy altar of Qazlal.
  1586 | D:4      | Noticed Amnesiac's ghost (weakling DEEn)
  1602 | D:4      | Killed Amnesiac's ghost
  1643 | D:4      | Noticed an ogre
  1646 | D:4      | Mangled by an ogre

Vault maps used:
D:1:      lemuel_arrival_muddy, minmay_hexomino_f4
D:2:      first_bread, glass_columns_a, minmay_goblin_outpost,
          uniq_crazy_yiuf_cottage, uniq_jessica
D:3:      marbit_many_paths, lemuel_blue_sif_altar, grunt_qazlal_sundering
D:4:      dancing_weapons_uskayaw, uniq_grinder, uniq_blork_the_orc, uniq_pikel,
          uniq_robin

Skill      XL: |  1 |
---------------+----+-----
Stealth        | 4 |  4.9
Short Blades   | |  1.2
Dodging        | |  2.9
Spellcasting   | |  3.4
Hexes          | |  4.2

Action                   || total
-------------------------++-------
Melee: Dagger            ||   110
 Cast: Corona            ||    15
       Ensorcelled Hiber ||     6
       Confuse           ||     6
 Stab: Sleeping          ||    10
       Distracted        ||     1
       Confused          ||     2
  Eat: Chunk             ||     3
Armor: Robe              ||    36
Dodge: Dodged            ||    76
